 Dungeon Crawl Stone Soup version 0.21.1-1-g345015f (webtiles) character file.

34608 troglodite the Fighter (level 13, -1/104 HPs)
             Began as a Demonspawn Berserker on Mar 29, 2018.
             Was an Elder of Trog.
             Slain by a komodo dragon (5 damage)
             ... summoned by an orange crystal statue
             ... on level 4 of the Lair of Beasts.
             The game lasted 01:09:38 (18799 turns).

troglodite the Fighter (Demonspawn Berserker)      Turns: 18799, Time: 01:09:39

Health: -1/104     AC: 22    Str: 37      XL:     13   Next: 43%
Magic:  0/13       EV: 15    Int:  6 (9)  God:    Trog [****..]
Gold:   673        SH:  0    Dex: 20      Spells: 12/12 levels left

rFire    + . .     SeeInvis .   P - +7 broad axe (venom)
rCold    x . .     Gourm    .   D - +0 buckler
rNeg     + . .     Faith    .   a - +0 plate armour {rF+}
rPois    +         Spirit   .   e - +0 hat
rElec    .         Reflect  .   w - +2 cloak
rCorr    .         Harm     .   G - +2 pair of gloves
MR       .....                  T - +0 pair of boots "Awkerro" {rN+ MR- Str+5}
Stlth    ..........             W - amulet "Secyd" {RegenMP Str+8 Dex+3}
HPRegen  0.27/turn              H - ring of Reuxt {rC- Str+6 Slay+5}
MPRegen  0.38/turn              N - ring of poison resistance

@: confused, berserk cooldown, flying (expiring), slowed, very slow
A: horns 2, large bone plates 2, powered by pain 1, spiny 1
a: Berserk, Trog's Hand, Brothers in Arms, Burn Spellbooks, Renounce Religion


You were on level 4 of the Lair of Beasts.
You worshipped Trog.
Trog was greatly pleased with you.
You were hungry.

You visited 3 branches of the dungeon, and saw 17 of its levels.
You also visited: Ossuary.

You collected 1842 gold pieces.
You spent 1169 gold pieces at shops.

Inventory:

Hand Weapons
 F - the +4 falchion "Vojur" {speed, +Rage}
   (You found it on level 5 of the Dungeon)

   Attacks with this weapon are significantly faster.
   It lets you go berserk.
 L - a +2 antimagic demon blade
 M - a +4 long sword
 P - a +7 broad axe of venom (weapon)
 Q - a +5 falchion of freezing
 V - a +4 antimagic long sword
Armour
 a - a +0 plate armour of fire resistance (worn)
 e - a +0 hat (worn)
 w - a +2 cloak (worn)
 D - a +0 buckler (worn)
 G - a +2 pair of gloves (worn)
 T - the +0 pair of boots "Awkerro" (worn) {rN+ MR- Str+5}
   (You found it on level 1 of the Lair of Beasts)

   It affects your strength (+5).
   It protects you from negative energy.
   It affects your resistance to hostile enchantments.
Jewellery
 H - the ring of Reuxt (left hand) {rC- Str+6 Slay+5}
   (You found it on level 1 of the Lair of Beasts)

   [ring of slaying]

   It affects your strength (+6).
   It affects your accuracy and damage with ranged weapons and melee attacks
   (+5).
   It makes you vulnerable to cold.
 N - a ring of poison resistance (right hand)
 W - the amulet "Secyd" (around neck) {RegenMP Str+8 Dex+3}
   (You bought it in a shop on level 2 of the Orcish Mines)

   [amulet of magic regeneration]

   It increases your magic regeneration.
   It affects your strength (+8).
   It affects your dexterity (+3).
Wands
 l - a wand of disintegration (11)
 x - a wand of paralysis (12)
 y - a wand of scattershot (8)
 E - a wand of flame (44)
Scrolls
 b - 9 scrolls of teleportation
 f - 5 scrolls of amnesia {unknown}
 h - 4 scrolls of enchant armour
 i - 2 scrolls of fog {unknown}
 j - a scroll of immolation {unknown}
 o - 4 scrolls of magic mapping
 p - 5 scrolls of enchant weapon
 s - 4 scrolls of remove curse
 t - 2 scrolls of noise {unknown}
 B - a scroll of identify
 C - a scroll of fear {unknown}
 J - a scroll of blinking {unknown}
 K - a scroll of brand weapon {unknown}
Potions
 d - 4 potions of curing
 g - 2 potions of haste
 k - 2 potions of resistance
 m - 4 potions of might
 q - 6 potions of heal wounds
 r - 2 potions of invisibility
 u - a potion of brilliance
 v - a potion of cancellation
 A - a potion of magic
 R - 2 potions of lignification
Comestibles
 c - 30 rations
 z - 2 chunks of flesh


   Skills:
 * Level 10.5 Fighting
   Level 3.4(5.6) Short Blades
 + Level 7.0(7.4) Long Blades
 + Level 9.5 Axes
 * Level 10.1 Armour
 * Level 8.7 Dodging
 + Level 1.5 Stealth
 * Level 7.9 Shields


You had 12 spell levels left.
You didn't know any spells.

Dungeon Overview and Level Annotations

Branches:
Dungeon (11/15)            Temple (0/1) D:6            Lair (4/6) D:10
 Shoals (0/4) Lair:3       Spider (0/4) Lair:3          Orc (2/2) D:9
    Elf (0/3) Orc:2

Altars:
Ashenzari
Elyvilon
Kikubaaqudgha
Okawaru
Sif Muna
Wu Jian
Xom
Zin
The Shining One
Beogh

Shops:
Orc:2 (=}(

Annotations:
Lair:4 exclusion: orange crystal statue
Orc:1 Ratty's ghost, adept CeMo


Innate Abilities, Weirdness & Mutations

You have a pair of horns on your head.
You are mostly covered in large bone plates. (SH +6)
You sometimes gain a little power by taking damage.
You are partially covered in sharp spines.


Message History

The blink frog is struck by your spines.
You kill the blink frog!
The blink frog's corpse dissolves into shadows!
The blink frog blinks!
The blink frog is struck by your spines.
You kill the blink frog!
The blink frog's corpse dissolves into shadows!
The komodo dragon barely misses you.
Are you sure you want to stumble around while confused and next to deep water while you are losing your buoyancy?
You slice the blink frog!!
You kill the blink frog!
The blink frog's corpse dissolves into shadows!
You closely miss the komodo dragon.
The orange crystal statue fixes its piercing gaze on you.
You feel your power leaking away.
The komodo dragon bites you but does no damage.
The blink frog hits you but does no damage.
The komodo dragon is struck by your spines.
The komodo dragon bites you.
You die...

##### ###≈≈≈###
###≈≈≈≈≈≈≈###
##l≈≈≈≈≈≈≈≈≈≈###
###≈@F≈≈###≈≈≈≈≈≈##
#8.≈≈§### ##≈≈≈≈≈≈##
##≈≈≈## ####≈≈≈≈##
###≈≈≈≈# ##≈≈≈≈≈
#)|}≈≈## ###≈≈≈ #=|)≈##
##≈≈ ###### ##≈ ###≈
####################≈≈≈


You could see an orange crystal statue, a komodo dragon and a blink frog.

Vanquished Creatures
  3 hydras
  An orc high priest (Orc:2)
  5 two-headed ogres
  The ghost of Mirai the Thaumaturge, a journeyman DECj of Vehumet (Lair:1)
  An unseen horror (D:10)
  An orc knight (Orc:1)
  Pikel (D:9)
  An ugly thing (D:11)
  A cyclops (D:11)
  6 orc sorcerers
  A manticore (Lair:3)
  A guardian serpent (D:11)
  3 elephants (Lair:4)
  12 spiny frogs
  Joseph (D:9)
  4 centaur skeletons
  5 komodo dragons
  2 trolls
  Grinder (D:3)
  8 blink frogs
  2 hippogriffs
  3 wraiths
  A spriggan (D:8)
  3 wyverns (D:11)
  11 yaks
  A hungry ghost (D:10)
  3 wargs
  3 water moccasins
  6 porcupines
  An ice beast (D:6)
  21 orc warriors
  5 sky beasts
  A black bear (D:9)
  10 ogres
  A phantom (D:11)
  5 wolves (Lair:3)
  5 centaurs
  6 crocodiles
  4 big kobolds
  6 bullfrogs
  24 wights
  10 crimson imps
  2 quasits
  A centaur zombie (D:10)
  6 hounds
  A gnoll shaman (D:7)
  A jelly (D:10)
  23 orc priests
  Crazy Yiuf (D:3)
  37 orc wizards
  Natasha (D:2)
  5 iguanas
  4 worker ants
  2 hound skeletons
  A mummy (D:4)
  Robin (D:2)
  9 gnolls
  A howler monkey skeleton (D:6)
  8 adders
  2 shadow imps
  An ooze (D:3)
  An adder zombie (Ossuary)
  4 worms
  3 leopard geckos
  71 orcs
  4 giant cockroaches
  8 goblins
  24 hobgoblins
  13 jackals
  3 quokkas
  A ball python (D:4)
  7 bats
  9 frilled lizards
  A goblin zombie (D:4)
  2 hobgoblin zombies
  A jackal skeleton (D:6)
  26 kobolds
  2 kobold zombies (Ossuary)
  A leopard gecko skeleton (D:5)
  An orc skeleton (Ossuary)
  An orc zombie (Ossuary)
  A quokka zombie (D:7)
  5 rats
  5 plants
492 creatures vanquished.

Vanquished Creatures (collateral kills)
  An orc high priest (Orc:1)
  An orc (Orc:1)
2 creatures vanquished.

Vanquished Creatures (others)
  3 slaves (D:9)
  3 orcs (D:9)
6 creatures vanquished.

Grand Total: 500 creatures vanquished

Notes
Turn   | Place    | Note
-------+----------+-------------------------------------------
     0 | D:1      | troglodite the Demonspawn Berserker began the quest for the Orb.
     0 | D:1      | Reached XP level 1. HP: 18/18 MP: 1/1
   475 | D:1      | Gained mutation: You have a pair of small horns on your head. [demonic ancestry]
   475 | D:1      | Reached XP level 2. HP: 24/24 MP: 2/2
  1010 | D:2      | Reached XP level 3. HP: 22/30 MP: 3/3
  1038 | D:2      | Reached ** piety under Trog
  1336 | D:2      | Noticed Robin
  1343 | D:2      | Gained mutation: You have a pair of horns on your head. [demonic ancestry]
  1343 | D:2      | Reached XP level 4. HP: 27/37 MP: 4/4
  1349 | D:2      | Killed Robin
  1542 | D:2      | Noticed Natasha
  1550 | D:2      | Killed Natasha
  2169 | D:3      | Noticed Grinder
  2178 | D:3      | Paralysed by Grinder for 5 turns
  2182 | D:3      | Killed Grinder
  2182 | D:3      | Gained mutation: You sometimes gain a little power by taking damage. [demonic ancestry]
  2182 | D:3      | Reached XP level 5. HP: 43/43 MP: 5/5
  2182 | D:3      | Reached XP level 6. HP: 49/49 MP: 6/6
  2227 | D:3      | Found a runed door.
  2231 | D:3      | Noticed Crazy Yiuf
  2236 | D:3      | Killed Crazy Yiuf
  2346 | D:3      | Reached *** piety under Trog
  2936 | D:4      | Found a sand-covered staircase.
  3013 | Ossuary  | Entered an ossuary
  3220 | Ossuary  | Reached skill level 5 in Fighting
  3220 | Ossuary  | Gained mutation: You are partially covered in sharp spines. [demonic ancestry]
  3220 | Ossuary  | Reached XP level 7. HP: 43/56 MP: 7/7
  3275 | Ossuary  | Noticed a flying skull
  3275 | Ossuary  | Noticed a wraith
  3282 | Ossuary  | Noticed a flying skull
  3306 | Ossuary  | Noticed a flying skull
  3313 | Ossuary  | Noticed a flying skull
  3328 | Ossuary  | Noticed a flying skull
  3360 | Ossuary  | Noticed a wraith
  3375 | Ossuary  | Killed a wraith
  3645 | Ossuary  | Noticed a wraith
  3653 | Ossuary  | Killed a wraith
  4390 | D:5      | Entered Level 5 of the Dungeon
  4480 | D:5      | Gained mutation: You are partially covered in large bone plates. (SH +4) [demonic ancestry]
  4480 | D:5      | Reached XP level 8. HP: 25/64 MP: 8/8
  4703 | D:5      | Got a crystal falchion
  4704 | D:5      | Identified the +4 falchion "Vojur" {speed, +Rage} (You found it on level 5 of the Dungeon)
  4811 | D:5      | Reached skill level 5 in Armour
  5127 | D:5      | Found a deep blue altar of Sif Muna.
  5549 | D:6      | Found a staircase to the Ecumenical Temple.
  5552 | D:6      | Reached **** piety under Trog
  5659 | D:6      | You fall through a shaft for 3 floors!
  5665 | D:9      | Reached skill level 1 in Shields
  5946 | D:9      | Noticed a two-headed ogre
  5946 | D:9      | Found a roughly hewn altar of Beogh.
  6097 | D:9      | Noticed Pikel
  6107 | D:9      | Killed Pikel
  6107 | D:9      | Reached skill level 5 in Long Blades
  6107 | D:9      | Reached XP level 9. HP: 71/71 MP: 9/9
  6113 | D:9      | Noticed a seven-headed hydra
  6114 | D:9      | Noticed Joseph
  6165 | D:7      | Noticed a two-headed ogre
  6170 | D:7      | Killed a two-headed ogre
  6170 | D:7      | Reached skill level 5 in Dodging
  6374 | D:6      | Found an iron altar of Okawaru.
  6608 | D:7      | Reached ***** piety under Trog
  6683 | D:7      | Received a gift from Trog
  6683 | D:7      | Reached XP level 10. HP: 56/79 MP: 10/10
  7140 | D:7      | Reached skill level 1 in Axes
  8440 | D:8      | Found a shattered altar of Ashenzari.
  8444 | D:8      | Found a shimmering altar of Xom.
  8444 | D:8      | Found a white marble altar of Elyvilon.
  8455 | D:8      | Found an ancient bone altar of Kikubaaqudgha.
  8459 | D:8      | Found an ornate altar of the Wu Jian Council.
  8567 | D:9      | Found a staircase to the Orcish Mines.
  8574 | D:9      | Killed a two-headed ogre
  8594 | D:9      | Reached skill level 5 in Shields
  8811 | D:9      | Found a glowing golden altar of the Shining One.
  8891 | D:9      | Killed Joseph
  9023 | D:9      | Received a gift from Trog
  9117 | D:9      | Killed a nine-headed hydra
  9117 | D:9      | Gained mutation: You are mostly covered in large bone plates. (SH +6) [demonic ancestry]
  9117 | D:9      | Reached XP level 11. HP: 86/86 MP: 9/11
  9269 | D:9      | Found a glowing silver altar of Zin.
  9380 | D:10     | Entered Level 10 of the Dungeon
  9471 | D:10     | Noticed a two-headed ogre
  9478 | D:10     | Killed a two-headed ogre
  9824 | D:10     | Found a staircase to the Lair.
  9961 | D:10     | Reached skill level 5 in Axes
 10113 | D:10     | Noticed a two-headed ogre
 10120 | D:10     | Killed a two-headed ogre
 10187 | D:10     | Killed an unseen horror
 11115 | D:11     | Noticed a red ugly thing
 11123 | D:11     | Killed a red ugly thing
 11632 | Orc:1    | Entered Level 1 of the Orcish Mines
 11635 | Orc:1    | Noticed an orc high priest
 11647 | Orc:1    | Killed an orc high priest
 11880 | Orc:2    | Entered Level 2 of the Orcish Mines
 11925 | Orc:2    | Noticed an orc sorcerer
 11934 | Orc:2    | Paralysed by an orc sorcerer for 7 turns
 11942 | Orc:2    | Killed an orc sorcerer
 12770 | Orc:2    | Received a gift from Trog
 12774 | Orc:2    | Reached XP level 12. HP: 79/95 MP: 12/12
 12786 | Orc:2    | Found a staircase to the Elven Halls.
 13119 | Orc:1    | Noticed Ratty's ghost (adept CeMo)
 13735 | Orc:2    | Noticed a two-headed ogre
 13740 | Orc:2    | Killed a two-headed ogre
 14151 | Orc:2    | Received a gift from Trog
 14343 | Orc:2    | Found Solaiwna's Jewellery Emporium.
 14343 | Orc:2    | Found Lebiff's Antique Weapon Emporium.
 14465 | Orc:2    | Noticed an orc high priest
 14476 | Orc:2    | Killed an orc high priest
 14554 | Orc:2    | Found Yciriop's Gadget Shoppe.
 14554 | Orc:2    | Found Noeraq's Antique Weapon Shoppe.
 14598 | Orc:2    | Bought a dazzling falchion for 208 gold pieces
 14602 | Orc:2    | Bought the amulet "Secyd" {RegenMP Str+8 Dex+3} for 961 gold pieces
 14603 | Orc:2    | Identified the cursed +1 falchion of Animal Spirits {elec, -Tele rN+++ Str+8 Int-5} (You bought it in a shop on level 2 of the Orcish Mines)
 14884 | Lair:1   | Entered Level 1 of the Lair of Beasts
 14920 | Lair:1   | Reached skill level 1 in Stealth
 15081 | Lair:1   | Noticed Mirai's ghost (journeyman DECj)
 15087 | Lair:1   | Killed Mirai's ghost
 15119 | Lair:1   | Reached skill level 10 in Fighting
 16006 | Lair:1   | Got an ancient bronze ring
 16148 | Lair:1   | Got a pair of polished boots
 16154 | Lair:1   | Identified the +0 pair of boots "Awkerro" {rN+ MR- Str+5} (You found it on level 1 of the Lair of Beasts)
 16258 | Lair:1   | Identified the ring of Reuxt {rC- Str+6 Slay+5} (You found it on level 1 of the Lair of Beasts)
 16628 | Lair:2   | Reached XP level 13. HP: 103/103 MP: 13/13
 17561 | Lair:3   | Found a hole to the Spider Nest.
 17779 | Lair:3   | Reached skill level 10 in Armour
 17783 | Lair:3   | Found a staircase to the Shoals.
 18798 | Lair:4   | HP: 3/104 [komodo dragon[an orange crystal statue] (13)]
 18799 | Lair:4   | Slain by a komodo dragon

Skill      XL: |  1  2  3  4  5  6  7  8  9 10 11 12 13 |
---------------+----------------------------------------+-----
Armour         | 2 3 4 5 6 7 8 9 10 | 10.1
Dodging        | 2 3 4 5 6 7 8 |  8.7
Fighting       | 4 5 6 7 8 9 10 | 10.5
Short Blades   | 2 3 |  3.4
Long Blades    | 3 5 6 7 |  7.0
Shields        | 2 3 5 6 7 |  7.9
Axes           | 4 6 8 9 |  9.5
Stealth        | 1 |  1.5

Action                   |  1- 3 |  4- 6 |  7- 9 | 10-12 | 13-15 || total
-------------------------+-------+-------+-------+-------+-------++-------
Melee: Falchion          |    12 |       |   179 |     7 |       ||   198
       Dagger            |   109 |    73 |       |       |       ||   182
       Headbutt          |    11 |    23 |    48 |   135 |    34 ||   251
       Short sword       |       |    65 |       |       |       ||    65
       Scimitar          |       |       |    59 |       |       ||    59
       Broad axe         |       |       |       |   497 |    79 ||   576
Invok: Berserk           |     1 |     4 |    10 |    12 |     4 ||    31
       Brothers in Arms  |       |       |       |     2 |       ||     2
       Burn Spellbooks   |       |       |       |     2 |       ||     2
  Use: Scroll            |       |       |       |    20 |       ||    20
       Potion            |       |       |       |     1 |     1 ||     2
 Stab: Distracted        |       |       |       |     1 |       ||     1
  Eat: Chunk             |     2 |     6 |    13 |    35 |     4 ||    60
       Ration            |       |     1 |     2 |     3 |     2 ||     8
Armor: Ring mail         |    49 |    10 |       |       |       ||    59
       Plate armour      |       |    50 |   129 |   233 |    40 ||   452
Dodge: Dodged            |    74 |    40 |    74 |   211 |    62 ||   461
Block: Buckler           |       |       |    79 |   320 |    54 ||   453
       Rpst.: Falchion   |     3 |       |    10 |     3 |       ||    16
       Scimitar          |       |       |     9 |       |       ||     9
